 Dungeon Crawl Stone Soup version bcrawl-1.20.1 (webtiles) character file.

Game seed: 7676434759004863506

35 Freyura the Sneak (level 3, 0/28 HPs)
             Began as a Barachi Sloth Apostle on Jan 27, 2020.
             Was a Follower of Cheibriados.
             Slain by a worm (6 damage)
             ... on level 2 of the Dungeon.
             The game lasted 00:03:43 (1259 turns).

Freyura the Sneak (Barachi Sloth Apostle)           Turns: 1259, Time: 00:03:44

Health: 0/28       AC:  3    Str: 13    XL:     3   Next: 33%
Magic:  4/4        EV:  9    Int: 14    God:    Cheibriados [*.....]
Gold:   124        SH:  8    Dex: 16    Spells: 3/4 levels left

rFire    . . .     SeeInvis .   a - +0 mace
rCold    . . .     Gourm    .   c - +0 shield
rNeg     . . .     Faith    .   k - +0 leather armour
rPois    .         Spirit   .   (no helmet)
rElec    .         Reflect  .   (no cloak)
rCorr    .         Harm     .   (no gloves)
MR       .....                  (no boots)
Stlth    +++.......             (no amulet)
HPRegen  0.09/turn              (no ring)
MPRegen  0.09/turn              (no ring)

@: very slow
A: +LOS, swims, camouflage 1, agile 1, slowness 1, weak 1, strong legs 1
a: Hop, Bend Time, Renounce Religion


You were on level 2 of the Dungeon.
You worshipped Cheibriados.
Cheibriados was aware of your devotion.
You were very hungry.

You visited 1 branch of the dungeon, and saw 2 of its levels.

You collected 124 gold pieces.

Inventory:

Hand Weapons
 a - a +0 mace (weapon)
Armour
 c - a +0 shield (worn)
 k - a +0 leather armour (worn)
Wands
 d - a wand of paralysis (10)
Scrolls
 b - a scroll of teleportation {unknown}
 h - a scroll of identify
 l - a scroll of remove curse
 m - a scroll of noise {unknown}
 n - 2 scrolls of immolation {unknown}
 q - a scroll of fear {unknown}
 r - a scroll of magic mapping {unknown}
Potions
 f - 3 potions of might
 j - a potion of agility {unknown}
 p - a potion of degeneration {unknown}
Comestibles
 e - 3 rations {!d}


   Skills:
 + Level 2.8 Fighting
 * Level 2.8 Maces & Flails
 + Level 0.9 Armour
 + Level 1.0 Dodging
 - Level 3.0 Stealth
 + Level 2.4 Shields
 - Level 1.1 Spellcasting
 - Level 1.1 Hexes
 + Level 0.7 Invocations
 - Level 1.1 Evocations


You had 3 spell levels left.
You knew the following spells:

 Your Spells              Type           Power        Failure   Level  Hunger
a - Slow                  Hex            #.......     73%         1    ##.....
Your spell library was empty.

Dungeon Overview and Level Annotations

Branches:
Dungeon (2/12)

Altars:
Cheibriados


Innate Abilities, Weirdness & Mutations

You can see and be seen from farther away.
You can swim through water.
You cover ground slowly.
You can hop short distances.
Your skin changes colour to match your surroundings (Stealth+).
You are agile. (Dex +2)
You are weak. (Str -2)


Message History

You are too injured to fight recklessly!
You hit the worm.
The worm is moderately wounded.
The worm bites you.
You sock the worm!
The worm is heavily wounded.
You block the worm's attack.
You hit the worm.
The worm is severely wounded.
You block the worm's attack.
You hit the worm but do no damage.
The worm is severely wounded.
The worm bites you.
* * * LOW HITPOINT WARNING * * *
You hit the worm.
The worm is almost dead.
You hit the worm but do no damage.
The worm is almost dead.
The worm bites you.
You die...

#.# #.#... #.# #.###.
#.# #.###. #.# #.....
#.# #####. .. #.#####
## ...$ #######.....#
#
......###$.†...####.#
# .......w@...##.# #.
# ...._.###.#!##.#
#.##### ...%
#.#.##.####...... ..
#.#.##..)...<..##
.$#.##########.##
###.# #.## #.# #.##
#.# #... #.. ####


You could see a worm.

Vanquished Creatures
  An ooze (D:1)
  2 leopard geckos (D:1)
  4 giant cockroaches
  2 hobgoblins (D:1)
  3 jackals (D:2)
  A ball python (D:1)
  A bat (D:1)
  A frilled lizard (D:2)
  5 goblins
  3 kobolds (D:1)
  3 rats (D:2)
26 creatures vanquished.

Notes
Turn   | Place    | Note
-------+----------+-------------------------------------------
     0 | D:1      | Freyura the Barachi Sloth Apostle began the quest for the
                  | Orb.
     0 | D:1      | Reached XP level 1. HP: 17/17 MP: 2/2
   321 | D:1      | Reached XP level 2. HP: 20/23 MP: 3/3
   915 | D:1      | Reached XP level 3. HP: 24/28 MP: 4/4
  1056 | D:2      | Reached skill level 1 in Dodging
  1065 | D:2      | Gained mutation: You are agile. (Dex +2) [potion of
                  | mutation]
  1065 | D:2      | Gained mutation: You are weak. (Str -2) [potion of
                  | mutation]
  1065 | D:2      | Gained mutation: Your skin changes colour to match your
                  | surroundings (Stealth+). [potion of mutation]
  1233 | D:2      | Found a snail-covered altar of Cheibriados.
  1251 | D:2      | Reached * piety under Cheibriados
  1259 | D:2      | Slain by a worm

Skill      XL: |  1  2  3 |
---------------+----------+-----
Dodging        | 1 |  1.0
Fighting       | |  2.8
Maces & Flails | |  2.8
Armour         | |  0.9
Stealth        | |  3.0
Shields        | |  2.4
Spellcasting   | |  1.1
Hexes          | |  1.1
Invocations    | |  0.7
Evocations     | |  1.1

Action                   || total
-------------------------++-------
Melee: Mace              ||    68
  Use: Scroll            ||     4
       Potion            ||     1
 Stab: Sleeping          ||     8
  Eat: Chunk             ||     1
Armor: Leather armour    ||     7
Dodge: Dodged            ||    22
Block: Shield            ||    29
